[ AOE2 MATCH · #478252695 ]
UnrankedBritons vs Bohemians
[ REPLAY ANALYSIS · EXTRACTED FROM THE RECORDED GAME ]
Feudal
10:31
Castle
23:13
Imperial
—
| APM avg | 35.9 |
| APM peak | 79 |
| eAPM avg | 21.5 |
| Villagers / military | 125 / 31 |
Focus
⚔️ 27.4% · 🌾 72.6%
Mangonel ×11 · Monk ×10 · Spearman ×8 · Scorpion ×1 · Battering Ram ×1
Feudal
11:28
Castle
15:16
Imperial
44:15
| APM avg | 31.0 |
| APM peak | 90 |
| eAPM avg | 18.5 |
| Villagers / military | 160 / 129 |
Focus
⚔️ 36.0% · 🌾 64.0%
Hand Cannoneer ×102 · Skirmisher ×7 · Hussite Wagon ×6 · Battering Ram ×5 · Bombard Cannon ×5 · Petard ×3
Feudal
9:23
Castle
20:27
Imperial
42:06
| APM avg | 56.4 |
| APM peak | 99 |
| eAPM avg | 35.8 |
| Villagers / military | 196 / 129 |
Focus
⚔️ 31.9% · 🌾 68.1%
Scout Cavalry ×100 · Spearman ×22 · Mangonel ×4 · Obuch ×3
Feudal
10:09
Castle
14:59
Imperial
36:04
| APM avg | 47.1 |
| APM peak | 87 |
| eAPM avg | 29.0 |
| Villagers / military | 149 / 207 |
Focus
⚔️ 33.4% · 🌾 66.6%
Knight ×114 · Leitis ×74 · Trebuchet (Packed) ×8 · Monk ×6 · Scout Cavalry ×5
Feudal
11:55
Castle
15:25
Imperial
27:44
| APM avg | 37.6 |
| APM peak | 70 |
| eAPM avg | 25.0 |
| Villagers / military | 141 / 461 |
Focus
⚔️ 52.5% · 🌾 47.5%
Spearman ×437 · Bombard Cannon ×17 · Monk ×4 · Mangonel ×1 · Hussite Wagon ×1 · Trebuchet (Packed) ×1
Feudal
8:51
Castle
24:36
Imperial
37:50
| APM avg | 40.8 |
| APM peak | 83 |
| eAPM avg | 26.6 |
| Villagers / military | 148 / 151 |
Focus
⚔️ 40.8% · 🌾 59.2%
Spearman ×126 · Bombard Cannon ×13 · Monk ×6 · Mangonel ×6
Feudal
9:25
Castle
19:54
Imperial
33:32
| APM avg | 56.0 |
| APM peak | 126 |
| eAPM avg | 25.6 |
| Villagers / military | 169 / 296 |
Focus
⚔️ 39.6% · 🌾 60.4%
Steppe Lancer ×221 · Knight ×70 · Trebuchet (Packed) ×5
Feudal
10:33
Castle
13:42
Imperial
35:01
| APM avg | 41.1 |
| APM peak | 70 |
| eAPM avg | 23.7 |
| Villagers / military | 149 / 323 |
Focus
⚔️ 42.3% · 🌾 57.7%
Knight ×169 · Scout Cavalry ×107 · Battle Elephant ×40 · Monk ×5 · Trebuchet (Packed) ×2
Match map
Initial resources + every placement click. Lines = walls · curves = elevation contours. ◆ gold · ⬟ stone · ● berries · ✦ relic · ◌ wall gap
Your base· ✓ Closed at 23:13 · 18t walls · 2 gate(s)
[韓粉戰隊] 台北庶民's base· ✓ Closed at 15:16 · 29t walls · 3 gate(s)
DK_Akutuhaburu's base· ✓ Closed at 20:27 · 4t walls · 2 gate(s)
上帝惡魔楊宗翰's base· ✓ Closed at 14:59 · 0t walls · 3 gate(s)
Bixiyo's base· ✓ Closed at 15:25 · 0t walls · 3 gate(s)
米粉湯$485's base· ✓ Closed at 24:36 · 1t walls · 3 gate(s)
[韓粉戰隊] 跟著月亮走's base· ✓ Closed at 19:54 · 2t walls · 2 gate(s)
El Bicho!'s base· ✓ Closed at 13:42 · 0t walls · 2 gate(s)
Smoothed initial terrain · ◌ = detected wall gap · hover for details
Inputs per minute
— lizanan - - [韓粉戰隊] 台北庶民
Build order — lizanan
First 150 of 290 actions detected
| 0:01 | Create | Villager (Male) |
| 0:02 | Build | House |
| 0:03 | Build | House |
| 0:04 | Create | Villager (Male) |
| 0:06 | Create | Villager (Male) |
| 0:06 | Create | Villager (Male) |
| 0:07 | Create | Villager (Male) |
| 1:22 | Build | Lumber Camp |
| 1:22 | Create | Villager (Male) |
| 1:55 | Create | Villager (Male) |
| 1:55 | Create | Villager (Male) |
| 2:09 | Create | Villager (Male) |
| 2:09 | Create | Villager (Male) |
| 2:32 | Create | Villager (Male) |
| 2:32 | Create | Villager (Male) |
| 2:35 | Build | House |
| 2:52 | Create | Villager (Male) |
| 2:53 | Create | Villager (Male) |
| 3:21 | Create | Villager (Male) |
| 3:21 | Create | Villager (Male) |
| 3:29 | Build | Mill |
| 3:36 | Create | Villager (Male) |
| 3:36 | Create | Villager (Male) |
| 4:01 | Create | Villager (Male) |
| 4:32 | Build | House |
| 4:44 | Create | Villager (Male) |
| 4:49 | Create | Villager (Male) |
| 4:49 | Create | Villager (Male) |
| 5:09 | Build | Farm |
| 5:11 | Create | Villager (Male) |
| 5:11 | Create | Villager (Male) |
| 5:31 | Build | Farm |
| 5:44 | Create | Villager (Male) |
| 5:44 | Create | Villager (Male) |
| 5:59 | Create | Villager (Male) |
| 6:20 | Create | Villager (Male) |
| 6:33 | Create | Villager (Male) |
| 6:33 | Create | Villager (Male) |
| 6:49 | Build | Farm |
| 7:26 | Build | Farm |
| 7:46 | Build | Mining Camp |
| 8:05 | Research | Feudal Age |
| 8:19 | Build | House |
| 9:10 | Build | House |
| 9:21 | Build | House |
| 9:26 | Build | House |
| 9:31 | Build | Palisade Wall |
| 9:33 | Build | Palisade Wall |
| 9:36 | Create | Villager (Male) |
| 9:51 | Research | Loom |
| 9:52 | Create | Villager (Male) |
| 9:53 | Create | Villager (Male) |
| 9:55 | Build | House |
| 9:58 | Build | House |
| 10:31 | Build | House |
| 10:31 | Age | Feudal Age |
| 10:37 | Build | Watch Tower |
| 10:37 | Create | Villager (Male) |
| 10:44 | Create | Villager (Male) |
| 10:47 | Research | Double-Bit Axe |
| 10:48 | Create | Villager (Male) |
| 10:48 | Create | Villager (Male) |
| 11:29 | Build | Blacksmith |
| 11:42 | Create | Villager (Male) |
| 11:58 | Build | Stone Wall |
| 12:04 | Research | Fletching |
| 12:05 | Research | Fletching |
| 12:05 | Create | Villager (Male) |
| 12:16 | Build | Gate |
| 12:17 | Build | Stone Wall |
| 12:38 | Create | Villager (Male) |
| 12:38 | Create | Villager (Male) |
| 12:39 | Create | Villager (Male) |
| 12:49 | Build | Market |
| 13:11 | Create | Villager (Male) |
| 13:25 | Build | Watch Tower |
| 14:03 | Build | Watch Tower |
| 14:04 | Create | Villager (Male) |
| 14:07 | Build | Farm |
| 14:08 | Build | Farm |
| 14:52 | Build | Watch Tower |
| 15:24 | Create | Villager (Male) |
| 15:24 | Create | Villager (Male) |
| 15:34 | Build | Lumber Camp |
| 15:56 | Build | Farm |
| 16:03 | Build | Farm |
| 16:04 | Build | Farm |
| 16:07 | Build | Farm |
| 16:09 | Build | Farm |
| 16:19 | Build | House |
| 16:20 | Build | House |
| 16:32 | Create | Villager (Male) |
| 16:32 | Create | Villager (Male) |
| 17:13 | Create | Villager (Male) |
| 17:14 | Create | Villager (Male) |
| 17:47 | Build | House |
| 17:53 | Create | Villager (Male) |
| 17:53 | Create | Villager (Male) |
| 18:16 | Build | House |
| 18:21 | Build | House |
| 18:22 | Build | House |
| 18:24 | Build | House |
| 18:27 | Build | House |
| 18:28 | Build | House |
| 18:47 | Create | Villager (Male) |
| 18:47 | Create | Villager (Male) |
| 18:47 | Create | Villager (Male) |
| 18:57 | Build | House |
| 18:59 | Build | House |
| 19:08 | Build | Stone Wall |
| 19:14 | Create | Villager (Male) |
| 19:14 | Create | Villager (Male) |
| 19:46 | Create | Villager (Male) |
| 20:07 | Build | Mill |
| 20:08 | Build | Farm |
| 20:33 | Research | Castle Age |
| 20:33 | Research | Castle Age |
| 20:56 | Create | Villager (Male) |
| 21:02 | Build | House |
| 21:26 | Build | Lumber Camp |
| 21:40 | Build | Farm |
| 21:41 | Build | Farm |
| 21:48 | Build | House |
| 22:20 | Create | Villager (Male) |
| 22:21 | Create | Villager (Male) |
| 22:21 | Create | Villager (Male) |
| 22:24 | Build | Market |
| 22:26 | Build | House |
| 22:44 | Build | House |
| 22:47 | Build | House |
| 23:09 | Build | Lumber Camp |
| 23:13 | Age | Castle Age |
| 23:25 | Create | Villager (Male) |
| 23:45 | Build | Monastery |
| 24:10 | Create | Villager (Male) |
| 24:11 | Create | Villager (Male) |
| 24:18 | Create | Monk |
| 24:18 | Create | Monk |
| 24:18 | Create | Monk |
| 24:38 | Build | Town Center |
| 24:47 | Build | Siege Workshop |
| 24:54 | Create | Villager (Male) |
| 24:54 | Create | Villager (Male) |
| 24:54 | Create | Villager (Male) |
| 25:13 | Create | Mangonel |
| 25:14 | Create | Mangonel |
| 25:20 | Create | Villager (Male) |
| 25:20 | Create | Villager (Male) |
| 25:20 | Create | Villager (Male) |
| 25:26 | Create | Villager (Male) |
Build order — [韓粉戰隊] 台北庶民
First 150 of 418 actions detected
| 0:01 | Create | Villager (Male) |
| 0:01 | Create | Villager (Male) |
| 0:04 | Build | House |
| 0:06 | Build | House |
| 0:11 | Create | Villager (Male) ×2 |
| 0:11 | Create | Villager (Male) ×2 |
| 1:32 | Create | Villager (Male) |
| 1:49 | Build | Lumber Camp |
| 2:02 | Create | Villager (Male) |
| 2:02 | Create | Villager (Male) |
| 2:20 | Create | Villager (Male) |
| 2:49 | Create | Villager (Male) |
| 3:15 | Create | Villager (Male) |
| 3:15 | Create | Villager (Male) |
| 3:41 | Create | Villager (Male) |
| 3:41 | Create | Villager (Male) |
| 3:55 | Build | House |
| 4:02 | Create | Villager (Male) |
| 4:03 | Create | Villager (Male) |
| 4:25 | Build | Mill |
| 4:29 | Create | Villager (Male) |
| 4:30 | Create | Villager (Male) |
| 5:06 | Create | Villager (Male) |
| 5:06 | Create | Villager (Male) |
| 5:31 | Create | Villager (Male) |
| 5:36 | Build | Mill |
| 5:58 | Create | Villager (Male) |
| 5:59 | Create | Villager (Male) |
| 6:01 | Create | Villager (Male) |
| 6:01 | Create | Villager (Male) |
| 6:50 | Build | House |
| 6:58 | Build | Farm |
| 7:13 | Create | Villager (Male) |
| 7:13 | Create | Villager (Male) |
| 7:19 | Build | Farm |
| 7:55 | Create | Villager (Male) |
| 8:11 | Research | Feudal Age |
| 8:19 | Create | Villager (Male) |
| 8:33 | Build | Mining Camp |
| 8:48 | Create | Villager (Male) |
| 9:11 | Build | Mining Camp |
| 9:14 | Research | Feudal Age |
| 9:33 | Build | Palisade Wall |
| 9:48 | Build | Palisade Wall |
| 10:25 | Build | House |
| 10:32 | Build | Palisade Wall |
| 10:38 | Build | Palisade Wall |
| 10:52 | Build | Palisade Wall |
| 11:01 | Create | Villager (Male) |
| 11:04 | Build | Palisade Wall |
| 11:05 | Build | Palisade Wall |
| 11:06 | Build | Palisade Wall |
| 11:07 | Build | Palisade Wall |
| 11:13 | Create | Villager (Male) |
| 11:28 | Age | Feudal Age |
| 11:31 | Build | Market |
| 11:38 | Build | Blacksmith |
| 11:46 | Build | Stone Wall |
| 11:51 | Build | Stone Wall |
| 11:57 | Research | Loom |
| 12:22 | Create | Villager (Male) |
| 12:28 | Build | House |
| 12:36 | Research | Castle Age |
| 13:03 | Research | Double-Bit Axe |
| 13:06 | Research | Horse Collar |
| 13:50 | Build | Mining Camp |
| 14:04 | Create | Villager (Male) |
| 14:14 | Build | Farm |
| 14:16 | Build | Farm |
| 14:17 | Build | Farm |
| 14:44 | Create | Villager (Male) |
| 15:16 | Age | Castle Age |
| 15:21 | Build | Siege Workshop |
| 15:24 | Create | Villager (Male) |
| 15:54 | Research | Bow Saw |
| 15:59 | Create | Villager (Male) |
| 16:13 | Build | Farm |
| 16:27 | Create | Villager (Male) |
| 16:48 | Create | Mangonel |
| 16:51 | Create | Villager (Male) |
| 17:06 | Create | Villager (Male) |
| 17:28 | Build | House |
| 17:29 | Build | House |
| 17:41 | Build | Farm |
| 17:43 | Build | Farm |
| 17:45 | Create | Villager (Male) |
| 17:52 | Create | Villager (Male) |
| 17:56 | Build | House |
| 17:57 | Build | House |
| 17:58 | Create | Villager (Male) |
| 18:02 | Build | Lumber Camp |
| 18:21 | Create | Villager (Male) |
| 18:36 | Build | Farm |
| 18:38 | Create | Villager (Male) |
| 18:53 | Build | Farm |
| 19:01 | Create | Battering Ram |
| 19:05 | Build | House |
| 19:06 | Create | Villager (Male) |
| 19:28 | Create | Villager (Male) |
| 19:33 | Create | Battering Ram |
| 19:34 | Create | Villager (Male) |
| 20:02 | Create | Villager (Male) |
| 20:18 | Create | Villager (Male) |
| 20:21 | Build | Stone Wall |
| 20:24 | Create | Battering Ram |
| 20:32 | Create | Villager (Male) |
| 20:40 | Create | Villager (Male) |
| 21:03 | Create | Battering Ram |
| 21:06 | Create | Villager (Male) |
| 21:13 | Build | Farm |
| 21:29 | Build | Castle |
| 21:33 | Create | Villager (Male) |
| 21:46 | Create | Villager (Male) |
| 21:57 | Create | Battering Ram |
| 22:18 | Create | Villager (Male) |
| 22:23 | Create | Villager (Male) |
| 22:33 | Build | Castle |
| 22:54 | Create | Villager (Male) |
| 23:05 | Build | Town Center |
| 23:11 | Create | Villager (Male) |
| 23:27 | Create | Villager (Male) |
| 23:37 | Create | Villager (Male) |
| 23:46 | Create | Villager (Male) |
| 24:09 | Create | Villager (Male) |
| 24:18 | Research | Wheelbarrow |
| 24:19 | Create | Villager (Male) |
| 24:21 | Build | House |
| 24:22 | Build | House |
| 24:23 | Build | House |
| 24:39 | Create | Villager (Male) |
| 24:52 | Create | Villager (Male) |
| 25:04 | Create | Villager (Male) |
| 25:21 | Build | Mining Camp |
| 25:27 | Create | Hussite Wagon |
| 25:28 | Create | Villager (Male) |
| 25:41 | Create | Villager (Male) |
| 25:42 | Create | Hussite Wagon |
| 25:46 | Create | Petard |
| 26:00 | Create | Villager (Male) |
| 26:08 | Create | Petard |
| 26:22 | Create | Petard |
| 26:26 | Create | Villager (Male) |
| 26:28 | Build | Farm |
| 26:28 | Build | Farm |
| 26:28 | Build | Farm |
| 26:30 | Create | Villager (Male) |
| 27:03 | Create | Hussite Wagon |
| 27:04 | Create | Hussite Wagon |
| 27:15 | Create | Villager (Male) |
| 27:15 | Create | Villager (Male) |
Build order — DK_Akutuhaburu
First 150 of 525 actions detected
| 0:01 | Create | Villager (Male) |
| 0:01 | Create | Villager (Male) |
| 0:01 | Create | Villager (Male) |
| 0:02 | Create | Villager (Male) |
| 0:03 | Build | House |
| 0:04 | Build | House |
| 1:25 | Create | Villager (Male) |
| 1:25 | Create | Villager (Male) |
| 2:01 | Create | Villager (Male) |
| 2:01 | Create | Villager (Male) |
| 2:14 | Create | Villager (Male) |
| 2:37 | Create | Villager (Male) |
| 2:37 | Create | Villager (Male) |
| 2:50 | Build | Lumber Camp |
| 3:07 | Create | Villager (Male) |
| 3:24 | Create | Villager (Male) |
| 3:24 | Create | Villager (Male) |
| 3:43 | Create | Villager (Male) |
| 3:43 | Create | Villager (Male) |
| 4:06 | Build | House |
| 4:17 | Create | Villager (Male) |
| 4:17 | Create | Villager (Male) |
| 4:43 | Build | Mill |
| 4:49 | Create | Villager (Male) |
| 5:20 | Create | Villager (Male) |
| 5:20 | Create | Villager (Male) |
| 5:48 | Create | Villager (Male) |
| 5:49 | Create | Villager (Male) |
| 5:49 | Create | Villager (Male) |
| 5:51 | Create | Villager (Male) |
| 5:54 | Create | Villager (Male) |
| 5:55 | Create | Villager (Male) |
| 5:55 | Create | Villager (Male) |
| 6:10 | Create | Villager (Male) |
| 6:10 | Create | Villager (Male) |
| 6:11 | Create | Villager (Male) |
| 6:11 | Create | Villager (Male) |
| 6:35 | Research | Loom |
| 6:35 | Research | Loom |
| 6:49 | Build | Mining Camp |
| 7:13 | Research | Feudal Age |
| 7:13 | Research | Feudal Age |
| 9:23 | Age | Feudal Age |
| 9:24 | Create | Villager (Male) |
| 9:27 | Build | Watch Tower |
| 9:37 | Create | Villager (Male) |
| 9:39 | Research | Double-Bit Axe |
| 9:39 | Research | Horse Collar |
| 9:52 | Build | Farm |
| 10:03 | Build | Blacksmith |
| 10:16 | Create | Villager (Male) |
| 10:19 | Create | Villager (Male) |
| 10:34 | Create | Villager (Male) |
| 10:38 | Research | Fletching |
| 10:38 | Create | Villager (Male) |
| 10:42 | Build | Farm |
| 10:53 | Research | Town Watch |
| 10:53 | Research | Town Watch |
| 10:58 | Create | Villager (Male) |
| 11:07 | Build | House |
| 11:24 | Build | Farm |
| 11:52 | Create | Villager (Male) |
| 12:11 | Create | Villager (Male) |
| 12:16 | Build | Farm |
| 12:17 | Build | Farm |
| 12:27 | Build | House |
| 12:31 | Build | Watch Tower |
| 12:44 | Create | Villager (Male) |
| 12:57 | Create | Villager (Male) |
| 13:14 | Create | Villager (Male) |
| 13:19 | Build | House |
| 13:26 | Create | Villager (Male) |
| 13:31 | Build | Mill |
| 13:32 | Build | Farm |
| 13:32 | Build | Farm |
| 13:33 | Build | Farm |
| 13:33 | Build | Farm |
| 13:33 | Build | Farm |
| 13:50 | Create | Villager (Male) |
| 13:54 | Build | House |
| 13:55 | Build | House |
| 13:56 | Build | Stone Wall |
| 14:12 | Create | Villager (Male) |
| 14:14 | Create | Villager (Male) |
| 14:21 | Create | Villager (Male) |
| 14:37 | Create | Villager (Male) |
| 14:38 | Build | Farm |
| 14:53 | Create | Villager (Male) |
| 14:53 | Create | Villager (Male) |
| 14:56 | Build | Farm |
| 14:58 | Build | Farm |
| 14:59 | Build | Farm |
| 15:08 | Create | Villager (Male) |
| 15:21 | Create | Villager (Male) |
| 15:33 | Build | House |
| 15:34 | Create | Villager (Male) |
| 15:36 | Build | House |
| 15:39 | Build | House |
| 15:40 | Create | Villager (Male) |
| 15:44 | Build | Palisade Wall |
| 15:48 | Create | Villager (Male) |
| 15:58 | Build | Palisade Wall |
| 15:59 | Create | Villager (Male) |
| 16:18 | Build | Mining Camp |
| 16:26 | Build | Market |
| 16:50 | Build | Blacksmith |
| 17:26 | Build | Farm |
| 17:27 | Build | Farm |
| 17:31 | Build | House |
| 17:41 | Research | Castle Age |
| 17:41 | Research | Castle Age |
| 19:08 | Build | Lumber Camp |
| 19:18 | Create | Villager (Male) |
| 19:37 | Research | Gold Mining |
| 19:37 | Research | Gold Mining |
| 19:38 | Research | Stone Mining |
| 19:38 | Research | Stone Mining |
| 19:45 | Build | Farm |
| 19:49 | Build | Barracks |
| 20:18 | Build | House |
| 20:21 | Build | House |
| 20:27 | Age | Castle Age |
| 20:28 | Build | Castle |
| 20:34 | Build | Mining Camp |
| 20:40 | Research | Bow Saw |
| 20:41 | Create | Villager (Male) |
| 20:42 | Research | Heavy Plow |
| 20:53 | Research | Pikeman (upgrade) |
| 20:53 | Research | Pikeman (upgrade) |
| 21:19 | Create | Villager (Male) |
| 21:36 | Create | Villager (Male) |
| 21:40 | Research | Squires |
| 21:45 | Create | Spearman |
| 21:54 | Create | Villager (Male) |
| 21:59 | Create | Villager (Male) |
| 22:05 | Build | Town Center |
| 22:12 | Build | Farm |
| 22:16 | Build | Farm |
| 22:21 | Build | Farm |
| 22:21 | Create | Villager (Male) |
| 22:24 | Create | Spearman |
| 22:38 | Build | Barracks |
| 22:40 | Create | Villager (Male) |
| 22:46 | Create | Spearman |
| 22:51 | Create | Villager (Male) |
| 22:58 | Build | House |
| 23:01 | Build | House |
| 23:04 | Research | Scale Mail Armor |
| 23:04 | Research | Scale Mail Armor |
| 23:05 | Create | Spearman |
Build order — 上帝惡魔楊宗翰
First 150 of 533 actions detected
| 0:01 | Create | Villager (Male) |
| 0:03 | Build | House |
| 0:04 | Build | House |
| 0:19 | Create | Villager (Male) |
| 0:19 | Create | Villager (Male) |
| 0:19 | Create | Villager (Male) |
| 0:58 | Create | Villager (Male) |
| 0:58 | Create | Villager (Male) |
| 0:58 | Create | Villager (Male) |
| 1:42 | Create | Villager (Male) |
| 1:49 | Build | Lumber Camp |
| 2:15 | Create | Villager (Male) |
| 2:33 | Create | Villager (Male) |
| 3:09 | Create | Villager (Male) |
| 3:57 | Create | Villager (Male) |
| 4:02 | Build | House |
| 4:38 | Build | House |
| 4:39 | Create | Villager (Male) |
| 4:39 | Create | Villager (Male) |
| 4:40 | Create | Villager (Male) |
| 4:49 | Create | Villager (Male) |
| 5:04 | Create | Villager (Male) |
| 5:36 | Create | Villager (Male) |
| 5:57 | Build | Mill |
| 6:59 | Build | House |
| 7:04 | Create | Villager (Male) |
| 7:34 | Create | Villager (Male) |
| 7:37 | Build | Mining Camp |
| 7:47 | Research | Feudal Age |
| 8:24 | Build | Mill |
| 10:09 | Age | Feudal Age |
| 10:11 | Create | Villager (Male) |
| 10:16 | Build | Barracks |
| 10:24 | Create | Villager (Male) |
| 10:41 | Build | Blacksmith |
| 10:45 | Create | Villager (Male) |
| 11:18 | Create | Villager (Male) |
| 11:47 | Build | Stable |
| 11:52 | Create | Villager (Male) |
| 12:19 | Research | Castle Age |
| 12:32 | Build | Lumber Camp |
| 12:37 | Create | Scout Cavalry |
| 13:01 | Create | Villager (Male) |
| 13:05 | Build | House |
| 13:17 | Build | Farm |
| 13:27 | Create | Scout Cavalry |
| 13:40 | Create | Villager (Male) |
| 13:45 | Build | Farm |
| 13:47 | Build | Farm |
| 13:50 | Build | Farm |
| 13:59 | Build | Farm |
| 14:00 | Create | Scout Cavalry |
| 14:17 | Build | Farm |
| 14:22 | Build | Farm |
| 14:29 | Build | Farm |
| 14:49 | Create | Scout Cavalry |
| 14:49 | Create | Scout Cavalry |
| 14:59 | Age | Castle Age |
| 15:02 | Research | Loom |
| 15:15 | Create | Villager (Male) |
| 15:18 | Build | Farm |
| 15:52 | Create | Villager (Male) |
| 15:54 | Create | Villager (Male) |
| 15:56 | Build | Farm |
| 16:02 | Build | Town Center |
| 16:09 | Create | Knight |
| 16:13 | Create | Knight |
| 16:21 | Build | Farm |
| 16:25 | Build | Farm |
| 16:26 | Build | Farm |
| 16:41 | Create | Villager (Male) |
| 16:44 | Build | House |
| 16:52 | Create | Knight |
| 17:06 | Create | Villager (Male) |
| 17:33 | Create | Villager (Male) |
| 17:35 | Build | Farm |
| 17:42 | Research | Scale Barding Armor |
| 17:52 | Create | Villager (Male) |
| 17:54 | Create | Villager (Male) |
| 18:06 | Build | Farm |
| 18:07 | Create | Villager (Male) |
| 18:07 | Create | Villager (Male) |
| 18:33 | Create | Knight |
| 18:38 | Create | Villager (Male) |
| 18:47 | Create | Knight |
| 18:47 | Create | Knight |
| 18:51 | Create | Villager (Male) |
| 18:55 | Build | Farm |
| 19:02 | Build | Monastery |
| 19:10 | Create | Villager (Male) |
| 19:13 | Build | House |
| 19:21 | Create | Villager (Male) |
| 19:24 | Build | Farm |
| 19:35 | Create | Knight |
| 19:38 | Create | Villager (Male) |
| 19:42 | Create | Knight |
| 19:42 | Create | Knight |
| 19:50 | Build | House |
| 20:04 | Create | Villager (Male) |
| 20:14 | Create | Villager (Male) |
| 20:17 | Build | Farm |
| 20:18 | Create | Villager (Male) |
| 20:26 | Build | House |
| 20:31 | Create | Monk |
| 20:31 | Create | Monk |
| 20:51 | Create | Villager (Male) |
| 20:53 | Build | Farm |
| 20:54 | Create | Villager (Male) |
| 20:54 | Create | Villager (Male) |
| 20:57 | Build | House |
| 21:01 | Create | Knight |
| 21:02 | Create | Knight |
| 21:21 | Research | Forging |
| 21:22 | Create | Villager (Male) |
| 21:25 | Build | Farm |
| 21:27 | Build | Farm |
| 21:38 | Build | House |
| 21:41 | Create | Villager (Male) |
| 21:52 | Create | Monk |
| 21:54 | Create | Villager (Male) |
| 22:01 | Build | Farm |
| 22:02 | Create | Villager (Male) |
| 22:07 | Build | House |
| 22:18 | Create | Villager (Male) |
| 22:28 | Create | Villager (Male) |
| 22:31 | Build | Farm |
| 22:32 | Create | Villager (Male) |
| 22:34 | Create | Monk |
| 22:48 | Create | Villager (Male) |
| 22:51 | Build | Farm |
| 22:51 | Create | Villager (Male) |
| 22:57 | Build | House |
| 22:58 | Create | Villager (Male) |
| 23:08 | Research | Wheelbarrow |
| 23:11 | Create | Knight |
| 23:11 | Create | Knight |
| 23:21 | Create | Knight |
| 23:22 | Create | Knight |
| 23:25 | Build | Farm |
| 23:28 | Build | House |
| 23:44 | Create | Villager (Male) |
| 23:44 | Create | Villager (Male) |
| 23:46 | Build | Farm |
| 24:10 | Research | Chain Barding Armor |
| 24:17 | Create | Knight |
| 24:18 | Create | Knight |
| 24:26 | Build | House |
| 25:04 | Research | Bloodlines |
| 25:04 | Research | Bloodlines |
| 25:04 | Create | Knight |
Build order — Bixiyo
First 150 of 633 actions detected
| 0:01 | Create | Villager (Male) ×4 |
| 0:02 | Build | House |
| 0:03 | Build | House |
| 1:25 | Create | Villager (Male) |
| 1:53 | Build | Lumber Camp |
| 1:57 | Create | Villager (Male) |
| 2:17 | Create | Villager (Male) |
| 2:45 | Create | Villager (Male) |
| 3:16 | Create | Villager (Male) |
| 3:23 | Build | House |
| 3:40 | Create | Villager (Male) |
| 3:54 | Build | Mill |
| 3:56 | Create | Villager (Male) |
| 4:13 | Create | Villager (Male) |
| 4:40 | Create | Villager (Male) |
| 5:02 | Create | Villager (Male) |
| 5:13 | Create | Villager (Male) |
| 5:28 | Create | Villager (Male) |
| 5:55 | Build | Mining Camp |
| 6:31 | Build | Farm |
| 6:43 | Create | Villager (Male) |
| 6:47 | Create | Villager (Male) |
| 6:51 | Build | House |
| 7:25 | Build | Farm |
| 7:39 | Create | Villager (Male) |
| 8:05 | Create | Villager (Male) |
| 8:12 | Build | House |
| 8:26 | Create | Villager (Male) |
| 8:52 | Create | Villager (Male) |
| 8:57 | Create | Villager (Male) |
| 9:22 | Research | Feudal Age |
| 10:52 | Build | Farm |
| 10:54 | Build | Farm |
| 11:08 | Create | Villager (Male) |
| 11:55 | Age | Feudal Age |
| 11:57 | Build | Market |
| 12:00 | Build | Blacksmith |
| 12:06 | Create | Villager (Male) |
| 12:45 | Research | Castle Age |
| 12:59 | Research | Horse Collar |
| 13:04 | Build | House |
| 13:19 | Build | House |
| 13:37 | Build | House |
| 13:57 | Research | Double-Bit Axe |
| 14:39 | Create | Villager (Male) |
| 15:25 | Age | Castle Age |
| 15:28 | Build | Monastery |
| 15:30 | Create | Villager (Male) |
| 15:37 | Build | Town Center |
| 15:41 | Build | Town Center |
| 15:45 | Create | Villager (Male) |
| 15:50 | Research | Bow Saw |
| 15:53 | Research | Heavy Plow |
| 16:07 | Build | Farm |
| 16:08 | Build | Farm |
| 16:09 | Build | Farm |
| 16:17 | Create | Monk |
| 16:24 | Create | Villager (Male) |
| 16:25 | Build | Farm |
| 16:44 | Create | Villager (Male) |
| 16:54 | Create | Monk |
| 16:55 | Create | Villager (Male) |
| 17:00 | Create | Villager (Male) |
| 17:01 | Build | Farm |
| 17:03 | Build | Farm |
| 17:15 | Build | Farm |
| 17:22 | Build | Farm |
| 17:22 | Create | Villager (Male) |
| 17:35 | Build | Farm |
| 17:37 | Create | Villager (Male) |
| 17:56 | Create | Villager (Male) |
| 18:01 | Build | Farm |
| 18:02 | Build | Farm |
| 18:04 | Build | Farm |
| 18:06 | Build | Farm |
| 18:09 | Create | Villager (Male) |
| 18:09 | Create | Villager (Male) |
| 18:16 | Build | Farm |
| 18:21 | Build | Farm |
| 18:22 | Create | Villager (Male) |
| 18:37 | Create | Villager (Male) |
| 18:42 | Create | Villager (Male) |
| 18:56 | Create | Monk |
| 18:58 | Create | Villager (Male) |
| 18:59 | Create | Villager (Male) |
| 19:02 | Build | Farm |
| 19:03 | Build | Farm |
| 19:09 | Build | Lumber Camp |
| 19:12 | Build | Farm |
| 19:13 | Build | Farm |
| 19:14 | Build | Farm |
| 19:15 | Create | Villager (Male) |
| 19:19 | Create | Villager (Male) |
| 19:28 | Build | Farm |
| 19:28 | Create | Villager (Male) |
| 19:30 | Build | Farm |
| 19:36 | Build | Farm |
| 19:39 | Create | Villager (Male) |
| 19:58 | Create | Villager (Male) |
| 19:58 | Create | Villager (Male) |
| 19:59 | Create | Villager (Male) |
| 20:07 | Create | Villager (Male) |
| 20:11 | Build | House |
| 20:12 | Build | House |
| 20:13 | Build | House |
| 20:15 | Create | Villager (Male) |
| 20:22 | Research | Fervor |
| 20:22 | Create | Villager (Male) |
| 20:25 | Create | Villager (Male) |
| 20:32 | Research | Wheelbarrow |
| 20:32 | Research | Wheelbarrow |
| 20:36 | Research | Town Watch |
| 20:36 | Create | Villager (Male) |
| 20:38 | Create | Villager (Male) |
| 20:40 | Build | House |
| 20:41 | Build | House |
| 20:42 | Build | House |
| 20:42 | Build | House |
| 20:45 | Create | Villager (Male) |
| 20:56 | Create | Villager (Male) |
| 21:01 | Create | Villager (Male) |
| 21:08 | Create | Villager (Male) |
| 21:09 | Create | Villager (Male) |
| 21:18 | Build | Farm |
| 21:19 | Build | Farm |
| 21:20 | Build | Farm |
| 21:21 | Create | Villager (Male) |
| 21:26 | Build | Farm |
| 21:27 | Build | Farm |
| 21:28 | Build | Farm |
| 21:29 | Create | Villager (Male) |
| 21:30 | Create | Villager (Male) |
| 21:54 | Create | Villager (Male) |
| 21:55 | Create | Villager (Male) |
| 21:56 | Create | Villager (Male) |
| 21:57 | Create | Villager (Male) |
| 22:14 | Create | Villager (Male) |
| 22:17 | Create | Villager (Male) |
| 22:25 | Build | Lumber Camp |
| 22:30 | Build | Farm |
| 22:31 | Build | Farm |
| 22:33 | Build | Farm |
| 22:39 | Build | University |
| 22:40 | Create | Villager (Male) |
| 22:41 | Create | Villager (Male) |
| 22:46 | Create | Villager (Male) |
| 22:49 | Create | Villager (Male) |
| 22:54 | Create | Monk |
| 23:01 | Create | Villager (Male) |
| 23:02 | Create | Villager (Male) |
Build order — 米粉湯$485
First 150 of 489 actions detected
| 0:01 | Create | Villager (Male) |
| 0:01 | Create | Villager (Male) |
| 0:01 | Create | Villager (Male) |
| 0:02 | Build | House |
| 0:04 | Build | House |
| 0:19 | Create | Villager (Male) |
| 0:20 | Create | Villager (Male) |
| 1:28 | Create | Villager (Male) |
| 1:28 | Create | Villager (Male) |
| 1:29 | Create | Villager (Male) |
| 1:58 | Create | Villager (Male) |
| 1:58 | Create | Villager (Male) |
| 2:14 | Create | Villager (Male) |
| 2:14 | Create | Villager (Male) |
| 2:40 | Create | Villager (Male) |
| 2:41 | Create | Villager (Male) |
| 3:14 | Create | Villager (Male) |
| 3:14 | Create | Villager (Male) |
| 3:25 | Build | House |
| 3:35 | Create | Villager (Male) |
| 3:35 | Create | Villager (Male) |
| 3:54 | Build | Lumber Camp |
| 4:00 | Create | Villager (Male) |
| 4:00 | Create | Villager (Male) |
| 4:42 | Create | Villager (Male) |
| 5:06 | Create | Villager (Male) |
| 5:31 | Create | Villager (Male) |
| 5:59 | Build | Mining Camp |
| 6:04 | Create | Villager (Male) |
| 6:40 | Research | Feudal Age |
| 7:47 | Build | House |
| 8:49 | Research | Loom |
| 8:51 | Age | Feudal Age |
| 8:55 | Build | Watch Tower |
| 9:04 | Create | Villager (Male) |
| 9:28 | Create | Villager (Male) |
| 9:56 | Build | Mill |
| 9:59 | Create | Villager (Male) |
| 10:08 | Build | Blacksmith |
| 10:17 | Create | Villager (Male) |
| 10:17 | Create | Villager (Male) |
| 10:18 | Create | Villager (Male) |
| 10:28 | Build | House |
| 10:59 | Build | Watch Tower |
| 11:11 | Build | Watch Tower |
| 11:19 | Create | Villager (Male) |
| 11:24 | Research | Fletching |
| 11:24 | Research | Fletching |
| 11:48 | Create | Villager (Male) |
| 11:52 | Build | House |
| 12:16 | Create | Villager (Male) |
| 12:17 | Build | Farm |
| 12:48 | Create | Villager (Male) |
| 12:48 | Create | Villager (Male) |
| 13:01 | Create | Villager (Male) |
| 13:01 | Create | Villager (Male) |
| 13:03 | Build | Farm |
| 13:37 | Create | Villager (Male) |
| 13:37 | Create | Villager (Male) |
| 13:39 | Build | Farm |
| 13:42 | Build | Farm |
| 14:09 | Create | Villager (Male) |
| 14:10 | Create | Villager (Male) |
| 14:27 | Build | Watch Tower |
| 14:31 | Create | Villager (Male) |
| 14:31 | Create | Villager (Male) |
| 14:33 | Build | Farm |
| 14:34 | Build | Farm |
| 14:49 | Create | Villager (Male) |
| 14:52 | Build | House |
| 14:53 | Build | House |
| 15:08 | Build | Watch Tower |
| 15:24 | Build | House |
| 15:30 | Build | Palisade Wall |
| 15:38 | Create | Villager (Male) |
| 15:38 | Create | Villager (Male) |
| 15:40 | Build | Farm |
| 15:40 | Build | Farm |
| 16:05 | Create | Villager (Male) |
| 16:06 | Create | Villager (Male) |
| 16:08 | Build | Farm |
| 16:16 | Research | Double-Bit Axe |
| 16:17 | Research | Double-Bit Axe |
| 16:39 | Build | Watch Tower |
| 16:42 | Create | Villager (Male) |
| 16:51 | Build | Palisade Gate |
| 17:20 | Create | Villager (Male) |
| 17:20 | Create | Villager (Male) |
| 17:22 | Build | Mining Camp |
| 17:48 | Create | Villager (Male) |
| 17:49 | Create | Villager (Male) |
| 17:52 | Build | Farm |
| 18:08 | Create | Villager (Male) |
| 18:11 | Build | Farm |
| 18:44 | Research | Horse Collar |
| 19:09 | Build | Watch Tower |
| 19:25 | Build | Market |
| 19:35 | Create | Villager (Male) |
| 20:07 | Build | House |
| 20:08 | Build | House |
| 20:09 | Build | House |
| 20:22 | Build | Farm |
| 20:25 | Build | Farm |
| 21:02 | Create | Villager (Male) |
| 21:31 | Create | Villager (Male) |
| 21:35 | Build | Farm |
| 21:51 | Research | Castle Age |
| 21:51 | Research | Castle Age |
| 22:29 | Build | Barracks |
| 22:35 | Research | Forging |
| 22:56 | Create | Spearman |
| 22:57 | Create | Spearman |
| 23:04 | Build | Farm |
| 23:06 | Build | Farm |
| 23:45 | Create | Villager (Male) |
| 23:53 | Create | Spearman |
| 24:26 | Create | Villager (Male) |
| 24:30 | Create | Spearman |
| 24:30 | Create | Spearman |
| 24:36 | Age | Castle Age |
| 24:37 | Research | Bow Saw |
| 24:37 | Research | Bow Saw |
| 24:40 | Build | Town Center |
| 25:14 | Create | Villager (Male) |
| 25:14 | Create | Villager (Male) |
| 25:20 | Create | Spearman |
| 25:20 | Create | Spearman |
| 25:41 | Create | Villager (Male) |
| 25:41 | Create | Villager (Male) |
| 25:48 | Build | Monastery |
| 25:50 | Create | Villager (Male) |
| 25:53 | Build | Farm |
| 25:55 | Build | Farm |
| 25:56 | Build | Farm |
| 25:56 | Build | Farm |
| 25:58 | Create | Villager (Male) |
| 26:08 | Research | Pikeman (upgrade) |
| 26:08 | Research | Pikeman (upgrade) |
| 26:15 | Build | Siege Workshop |
| 26:17 | Create | Monk |
| 26:22 | Build | Farm |
| 26:24 | Create | Villager (Male) |
| 26:24 | Create | Villager (Male) |
| 26:49 | Create | Mangonel |
| 26:52 | Create | Spearman |
| 26:53 | Create | Spearman |
| 26:53 | Create | Spearman |
| 27:32 | Create | Spearman |
| 27:34 | Create | Monk |
| 27:35 | Create | Villager (Male) |
Build order — [韓粉戰隊] 跟著月亮走
First 150 of 586 actions detected
| 0:01 | Create | Villager (Male) |
| 0:02 | Create | Villager (Male) |
| 0:02 | Create | Villager (Male) |
| 0:02 | Create | Villager (Male) |
| 0:03 | Create | Villager (Male) |
| 0:05 | Build | House |
| 0:07 | Build | House |
| 1:29 | Create | Villager (Male) |
| 1:30 | Create | Villager (Male) |
| 1:55 | Build | Lumber Camp |
| 2:03 | Create | Villager (Male) |
| 2:24 | Create | Villager (Male) |
| 2:24 | Create | Villager (Male) |
| 2:45 | Create | Villager (Male) |
| 3:19 | Create | Villager (Male) |
| 3:32 | Build | House |
| 3:34 | Build | House |
| 3:39 | Create | Villager (Male) |
| 3:39 | Create | Villager (Male) |
| 4:07 | Create | Villager (Male) |
| 4:07 | Create | Villager (Male) |
| 4:08 | Create | Villager (Male) |
| 4:42 | Build | Mill |
| 4:59 | Create | Villager (Male) |
| 4:59 | Create | Villager (Male) |
| 4:59 | Create | Villager (Male) |
| 6:08 | Create | Villager (Male) |
| 6:13 | Create | Villager (Male) |
| 6:22 | Create | Villager (Male) |
| 6:22 | Create | Villager (Male) |
| 7:15 | Research | Feudal Age |
| 7:18 | Build | House |
| 7:37 | Build | House |
| 7:56 | Build | House |
| 8:42 | Build | House |
| 8:46 | Create | Villager (Male) |
| 9:09 | Build | House |
| 9:25 | Age | Feudal Age |
| 9:27 | Build | Town Center |
| 9:28 | Research | Double-Bit Axe |
| 9:29 | Research | Horse Collar |
| 9:47 | Build | Farm |
| 9:52 | Create | Villager (Male) |
| 9:58 | Build | Farm |
| 10:08 | Create | Villager (Male) |
| 10:25 | Create | Villager (Male) |
| 10:35 | Build | Farm |
| 10:48 | Create | Villager (Male) |
| 10:48 | Create | Villager (Male) |
| 10:48 | Create | Villager (Male) |
| 11:07 | Build | Farm |
| 11:12 | Create | Villager (Male) |
| 11:18 | Build | Farm |
| 11:27 | Create | Villager (Male) |
| 11:40 | Build | Farm |
| 11:46 | Create | Villager (Male) |
| 11:51 | Build | Farm |
| 11:52 | Create | Villager (Male) |
| 11:56 | Build | Farm |
| 11:59 | Create | Villager (Male) |
| 12:08 | Create | Villager (Male) |
| 12:11 | Build | Farm |
| 12:14 | Research | Loom |
| 12:20 | Build | Farm |
| 12:31 | Create | Villager (Male) |
| 12:38 | Create | Villager (Male) |
| 12:41 | Build | Farm |
| 12:43 | Create | Villager (Male) |
| 12:50 | Build | Farm |
| 12:55 | Build | House |
| 12:56 | Build | House |
| 12:58 | Create | Villager (Male) |
| 13:13 | Create | Villager (Male) |
| 13:33 | Build | Market |
| 13:35 | Create | Villager (Male) |
| 13:44 | Create | Villager (Male) |
| 13:54 | Build | Blacksmith |
| 13:55 | Create | Villager (Male) |
| 14:11 | Build | Farm |
| 14:14 | Build | House |
| 14:16 | Create | Villager (Male) |
| 14:22 | Build | Farm |
| 14:24 | Create | Villager (Male) |
| 14:28 | Build | House |
| 14:29 | Build | House |
| 14:31 | Build | Palisade Wall |
| 14:32 | Build | Palisade Wall |
| 14:34 | Create | Villager (Male) |
| 14:34 | Create | Villager (Male) |
| 14:39 | Build | House |
| 14:41 | Create | Villager (Male) |
| 14:53 | Build | Farm |
| 14:55 | Create | Villager (Male) |
| 15:08 | Build | House |
| 15:14 | Create | Villager (Male) |
| 15:15 | Create | Villager (Male) |
| 15:15 | Create | Villager (Male) |
| 15:15 | Create | Villager (Male) |
| 15:17 | Build | Mining Camp |
| 15:26 | Build | Mining Camp |
| 15:28 | Research | Wheelbarrow |
| 15:36 | Build | House |
| 15:37 | Build | House |
| 15:39 | Build | House |
| 15:44 | Build | House |
| 15:46 | Create | Villager (Male) |
| 15:52 | Build | Farm |
| 16:04 | Build | Farm |
| 16:10 | Build | Farm |
| 16:22 | Build | House |
| 16:28 | Create | Villager (Male) |
| 16:34 | Build | Farm |
| 16:38 | Build | Farm |
| 16:56 | Build | Farm |
| 17:14 | Research | Castle Age |
| 17:16 | Create | Villager (Male) |
| 17:22 | Build | Barracks |
| 17:26 | Create | Villager (Male) |
| 17:27 | Create | Villager (Male) |
| 17:46 | Build | House |
| 17:48 | Research | Gold Mining |
| 17:54 | Create | Villager (Male) |
| 17:55 | Create | Villager (Male) |
| 18:14 | Build | Stable |
| 18:15 | Build | Stable |
| 18:18 | Create | Villager (Male) |
| 18:18 | Create | Villager (Male) |
| 18:19 | Create | Villager (Male) |
| 18:22 | Build | House |
| 18:25 | Create | Villager (Male) |
| 18:30 | Build | Farm |
| 18:46 | Build | Farm |
| 18:53 | Research | Scale Barding Armor |
| 19:01 | Build | Lumber Camp |
| 19:10 | Build | Farm |
| 19:12 | Research | Bloodlines |
| 19:19 | Create | Villager (Male) |
| 19:34 | Build | Stable |
| 19:40 | Research | Forging |
| 19:43 | Create | Villager (Male) |
| 19:43 | Create | Villager (Male) |
| 19:54 | Age | Castle Age |
| 19:55 | Create | Knight |
| 19:56 | Create | Knight |
| 19:56 | Create | Knight |
| 19:56 | Create | Knight |
| 19:57 | Create | Knight |
| 19:58 | Create | Villager (Male) |
| 20:17 | Build | Mining Camp |
| 20:18 | Create | Villager (Male) |
Build order — El Bicho!
First 150 of 653 actions detected
| 0:01 | Create | Villager (Male) |
| 0:02 | Create | Villager (Male) |
| 0:02 | Create | Villager (Male) |
| 0:02 | Create | Villager (Male) |
| 0:04 | Build | House |
| 0:05 | Build | House |
| 1:25 | Create | Villager (Male) |
| 1:25 | Create | Villager (Male) |
| 1:45 | Build | Lumber Camp |
| 2:08 | Create | Villager (Male) |
| 2:09 | Create | Villager (Male) |
| 2:09 | Create | Villager (Male) |
| 2:17 | Build | House |
| 2:19 | Build | House |
| 2:38 | Create | Villager (Male) |
| 2:38 | Create | Villager (Male) |
| 3:20 | Create | Villager (Male) |
| 3:27 | Create | Villager (Male) |
| 3:27 | Create | Villager (Male) |
| 4:03 | Create | Villager (Male) |
| 4:03 | Create | Villager (Male) |
| 4:21 | Build | Mill |
| 4:28 | Create | Villager (Male) |
| 4:28 | Create | Villager (Male) |
| 4:30 | Create | Villager (Male) |
| 4:31 | Create | Villager (Male) |
| 5:11 | Create | Villager (Male) |
| 5:11 | Create | Villager (Male) |
| 5:11 | Create | Villager (Male) |
| 5:15 | Build | House |
| 5:44 | Create | Villager (Male) |
| 5:56 | Build | Mill |
| 6:04 | Create | Villager (Male) |
| 6:53 | Create | Villager (Male) |
| 6:54 | Create | Villager (Male) |
| 7:29 | Build | House |
| 7:48 | Build | Mining Camp |
| 7:51 | Create | Villager (Male) |
| 8:07 | Research | Feudal Age |
| 8:56 | Build | Farm |
| 9:40 | Build | Farm |
| 9:42 | Build | Farm |
| 10:26 | Build | Farm |
| 10:33 | Age | Feudal Age |
| 11:02 | Research | Castle Age |
| 11:08 | Build | Farm |
| 11:12 | Build | Farm |
| 11:57 | Research | Double-Bit Axe |
| 11:57 | Research | Double-Bit Axe |
| 12:00 | Research | Horse Collar |
| 12:00 | Research | Horse Collar |
| 12:27 | Build | Stable |
| 12:42 | Create | Villager (Male) |
| 12:42 | Create | Villager (Male) |
| 13:35 | Build | Blacksmith |
| 13:42 | Age | Castle Age |
| 13:43 | Create | Knight |
| 13:43 | Create | Knight |
| 13:45 | Create | Knight |
| 13:47 | Create | Villager (Male) |
| 14:02 | Build | Town Center |
| 14:19 | Create | Knight |
| 15:18 | Create | Villager (Male) |
| 15:19 | Create | Villager (Male) |
| 15:19 | Create | Villager (Male) |
| 15:20 | Create | Villager (Male) |
| 15:22 | Create | Knight |
| 15:23 | Create | Knight |
| 15:53 | Create | Villager (Male) |
| 15:53 | Create | Villager (Male) |
| 15:54 | Create | Knight |
| 15:54 | Create | Knight |
| 15:55 | Create | Villager (Male) |
| 15:58 | Build | Blacksmith |
| 16:01 | Build | House |
| 16:05 | Research | Loom |
| 16:26 | Build | Lumber Camp |
| 16:33 | Create | Villager (Male) |
| 16:55 | Research | Scale Barding Armor |
| 16:59 | Build | Farm |
| 17:01 | Build | Farm |
| 17:26 | Create | Villager (Male) |
| 17:33 | Build | Farm |
| 17:35 | Build | Farm |
| 17:38 | Build | Farm |
| 17:39 | Create | Villager (Male) |
| 17:41 | Build | Farm |
| 17:54 | Build | House |
| 17:55 | Build | House |
| 18:02 | Create | Villager (Male) |
| 18:12 | Create | Villager (Male) |
| 18:18 | Build | Farm |
| 18:19 | Build | Farm |
| 18:22 | Build | Farm |
| 18:24 | Build | Farm |
| 18:28 | Create | Knight |
| 18:58 | Create | Villager (Male) |
| 18:59 | Create | Villager (Male) |
| 19:00 | Create | Knight |
| 19:05 | Build | Farm |
| 19:06 | Build | Farm |
| 19:07 | Build | Farm |
| 19:19 | Create | Villager (Male) |
| 19:21 | Create | Villager (Male) |
| 19:21 | Create | Villager (Male) |
| 19:34 | Create | Knight |
| 19:34 | Create | Knight |
| 19:49 | Create | Knight |
| 19:49 | Create | Villager (Male) |
| 19:53 | Create | Villager (Male) |
| 19:59 | Build | House |
| 20:00 | Build | House |
| 20:01 | Build | House |
| 20:09 | Research | Bloodlines |
| 20:12 | Build | Farm |
| 20:13 | Build | Farm |
| 20:19 | Create | Villager (Male) |
| 20:22 | Create | Knight |
| 20:23 | Create | Knight |
| 20:34 | Create | Villager (Male) |
| 20:40 | Create | Knight |
| 21:13 | Create | Villager (Male) |
| 21:14 | Create | Knight |
| 21:14 | Create | Knight |
| 21:15 | Create | Villager (Male) |
| 21:15 | Create | Villager (Male) |
| 21:17 | Create | Villager (Male) |
| 21:25 | Build | Town Center |
| 21:29 | Create | Villager (Male) |
| 21:31 | Build | Farm |
| 21:35 | Build | Farm |
| 21:35 | Build | Farm |
| 21:43 | Build | House |
| 21:44 | Build | House |
| 21:45 | Build | House |
| 21:46 | Create | Villager (Male) |
| 21:47 | Create | Knight |
| 21:48 | Create | Knight |
| 21:48 | Create | Knight |
| 22:04 | Build | Farm |
| 22:07 | Create | Villager (Male) |
| 22:10 | Research | Chain Barding Armor |
| 22:28 | Research | Forging |
| 22:32 | Build | Farm |
| 22:38 | Create | Villager (Male) |
| 22:38 | Create | Villager (Male) |
| 22:39 | Create | Knight |
| 22:39 | Create | Knight |
| 22:39 | Create | Knight |
| 22:40 | Create | Villager (Male) |
Match timeline
| 8:51 | 米粉湯$485 · age_up feudal |
| 9:23 | DK_Akutuhaburu · age_up feudal |
| 9:25 | [韓粉戰隊] 跟著月亮走 · age_up feudal |
| 9:31 | lizanan · wall_segment Palisade Wall x10 |
| 9:33 | [韓粉戰隊] 台北庶民 · wall_segment Palisade Wall x8 |
| 9:33 | lizanan · wall_segment Palisade Wall x2 |
| 9:48 | [韓粉戰隊] 台北庶民 · wall_segment Palisade Wall x3 |
| 10:09 | 上帝惡魔楊宗翰 · age_up feudal |
| 10:16 | 上帝惡魔楊宗翰 · first_building Barracks |
| 10:31 | lizanan · age_up feudal |
| 10:32 | [韓粉戰隊] 台北庶民 · wall_segment Palisade Wall x1 |
| 10:33 | El Bicho! · age_up feudal |
| 10:38 | [韓粉戰隊] 台北庶民 · wall_segment Palisade Wall x7 |
| 10:52 | [韓粉戰隊] 台北庶民 · wall_segment Palisade Wall x4 |
| 11:04 | [韓粉戰隊] 台北庶民 · wall_segment Palisade Wall x1 |
| 11:05 | [韓粉戰隊] 台北庶民 · wall_segment Palisade Wall x1 |
| 11:06 | [韓粉戰隊] 台北庶民 · wall_segment Palisade Wall x1 |
| 11:07 | [韓粉戰隊] 台北庶民 · wall_segment Palisade Wall x1 |
| 11:28 | [韓粉戰隊] 台北庶民 · age_up feudal |
| 11:46 | [韓粉戰隊] 台北庶民 · wall_segment Stone Wall x1 |
| 11:47 | 上帝惡魔楊宗翰 · first_building Stable |
| 11:51 | [韓粉戰隊] 台北庶民 · wall_segment Stone Wall x1 |
| 11:55 | Bixiyo · age_up feudal |
| 11:58 | lizanan · wall_segment Stone Wall x1 |
| 12:17 | lizanan · wall_segment Stone Wall x4 |
| 12:27 | El Bicho! · first_building Stable |
| 13:18 | lizanan · first_market_buy 100 stone |
| 13:42 | El Bicho! · age_up castle |
| 13:56 | DK_Akutuhaburu · wall_segment Stone Wall x1 |
| 14:31 | [韓粉戰隊] 跟著月亮走 · wall_segment Palisade Wall x1 |
| 14:32 | [韓粉戰隊] 跟著月亮走 · wall_segment Palisade Wall x1 |
| 14:59 | 上帝惡魔楊宗翰 · age_up castle |
| 15:16 | [韓粉戰隊] 台北庶民 · age_up castle |
| 15:21 | [韓粉戰隊] 台北庶民 · first_building Siege Workshop |
| 15:25 | Bixiyo · age_up castle |
| 15:28 | Bixiyo · first_building Monastery |
| 15:30 | 米粉湯$485 · wall_segment Palisade Wall x1 |
| 15:44 | DK_Akutuhaburu · wall_segment Palisade Wall x1 |
| 15:57 | Bixiyo · first_market_buy 100 food |
| 15:58 | DK_Akutuhaburu · wall_segment Palisade Wall x2 |
| 16:16 | [韓粉戰隊] 台北庶民 · first_market_buy 100 wood |
| 17:08 | [韓粉戰隊] 跟著月亮走 · first_market_sell 100 wood |
| 17:22 | [韓粉戰隊] 跟著月亮走 · first_building Barracks |
| 17:59 | lizanan · first_market_sell 100 wood |
| 18:14 | [韓粉戰隊] 跟著月亮走 · first_building Stable |
| 19:02 | 上帝惡魔楊宗翰 · first_building Monastery |
| 19:08 | lizanan · wall_segment Stone Wall x1 |
| 19:49 | DK_Akutuhaburu · first_building Barracks |
| 19:54 | [韓粉戰隊] 跟著月亮走 · age_up castle |
| 20:06 | Bixiyo · first_market_sell 100 wood |
| 20:18 | 米粉湯$485 · first_market_sell 100 stone |
| 20:21 | [韓粉戰隊] 台北庶民 · wall_segment Stone Wall x1 |
| 20:27 | DK_Akutuhaburu · age_up castle |
| 20:28 | DK_Akutuhaburu · first_building Castle |
| 21:29 | [韓粉戰隊] 台北庶民 · first_building Castle |
| 21:44 | DK_Akutuhaburu · first_market_buy 100 food |
| 21:46 | 米粉湯$485 · first_market_buy 100 food |
| 22:29 | 米粉湯$485 · first_building Barracks |
| 22:50 | [韓粉戰隊] 台北庶民 · first_market_sell 100 wood |
| 23:13 | lizanan · age_up castle |
| 23:16 | Bixiyo · first_building Barracks |
| 23:45 | lizanan · first_building Monastery |
| 24:29 | DK_Akutuhaburu · first_building Siege Workshop |
| 24:36 | 米粉湯$485 · age_up castle |
| 24:38 | [韓粉戰隊] 跟著月亮走 · first_building Monastery |
| 24:47 | lizanan · first_building Siege Workshop |
| 24:49 | DK_Akutuhaburu · wall_segment Stone Wall x1 |
| 24:53 | DK_Akutuhaburu · wall_segment Stone Wall x5 |
| 24:57 | DK_Akutuhaburu · wall_segment Stone Wall x6 |
| 25:26 | DK_Akutuhaburu · wall_segment Stone Wall x1 |
| 25:48 | 米粉湯$485 · first_building Monastery |
| 26:04 | Bixiyo · first_building Siege Workshop |
| 26:15 | 米粉湯$485 · first_building Siege Workshop |
| 26:31 | DK_Akutuhaburu · first_market_sell 100 wood |
| 27:23 | [韓粉戰隊] 台北庶民 · first_building Barracks |
| 27:44 | Bixiyo · age_up imperial |
| 27:57 | El Bicho! · first_market_sell 100 wood |
| 28:16 | Bixiyo · first_building Castle |
| 28:41 | El Bicho! · first_market_buy 100 stone |
| 29:08 | [韓粉戰隊] 台北庶民 · first_building Archery Range |
| 31:33 | DK_Akutuhaburu · wall_segment Palisade Wall x1 |
| 32:10 | lizanan · first_building Barracks |
| 33:19 | El Bicho! · first_building Monastery |
| 33:32 | [韓粉戰隊] 跟著月亮走 · age_up imperial |
| 33:41 | [韓粉戰隊] 台北庶民 · wall_segment Stone Wall x3 |
| 33:47 | DK_Akutuhaburu · wall_segment Stone Wall x1 |
| 33:48 | DK_Akutuhaburu · wall_segment Stone Wall x1 |
| 34:30 | [韓粉戰隊] 跟著月亮走 · first_building Castle |
| 35:01 | El Bicho! · age_up imperial |
| 36:04 | 上帝惡魔楊宗翰 · age_up imperial |
| 37:00 | El Bicho! · first_building Castle |
| 37:20 | 上帝惡魔楊宗翰 · first_building Castle |
| 37:46 | lizanan · wall_segment Stone Wall x8 |
| 37:50 | 米粉湯$485 · age_up imperial |
| 38:45 | DK_Akutuhaburu · first_building Stable |
| 39:38 | lizanan · wall_segment Stone Wall x1 |
| 40:09 | lizanan · wall_segment Palisade Wall x1 |
| 40:18 | lizanan · wall_segment Palisade Wall x1 |
| 40:46 | 米粉湯$485 · first_building Castle |
| 40:53 | [韓粉戰隊] 跟著月亮走 · tribute_sent a jugador 1 |
| 40:53 | [韓粉戰隊] 跟著月亮走 · tribute_sent a jugador 2 |
| 40:53 | [韓粉戰隊] 跟著月亮走 · tribute_sent a jugador 3 |
| 40:53 | [韓粉戰隊] 跟著月亮走 · tribute_sent a jugador 4 |
| 40:53 | [韓粉戰隊] 跟著月亮走 · tribute_sent a jugador 5 |
| 40:53 | [韓粉戰隊] 跟著月亮走 · tribute_sent a jugador 6 |
| 40:53 | [韓粉戰隊] 跟著月亮走 · tribute_sent a jugador 8 |
| 42:06 | DK_Akutuhaburu · age_up imperial |
| 43:43 | 上帝惡魔楊宗翰 · wall_segment Stone Wall x14 |
| 44:15 | [韓粉戰隊] 台北庶民 · age_up imperial |
| 44:18 | 米粉湯$485 · wall_segment Stone Wall x1 |
| 44:22 | 米粉湯$485 · wall_segment Stone Wall x1 |
| 44:24 | 米粉湯$485 · wall_segment Palisade Wall x1 |
| 44:25 | 米粉湯$485 · wall_segment Stone Wall x1 |
| 44:35 | 米粉湯$485 · wall_segment Palisade Wall x1 |
| 45:20 | 上帝惡魔楊宗翰 · first_market_buy 100 food |
| 46:10 | El Bicho! · tribute_sent a jugador 1 |
| 46:10 | El Bicho! · tribute_sent a jugador 2 |
| 46:10 | El Bicho! · tribute_sent a jugador 3 |
| 46:10 | El Bicho! · tribute_sent a jugador 4 |
| 46:10 | El Bicho! · tribute_sent a jugador 5 |
| 46:10 | El Bicho! · tribute_sent a jugador 6 |
| 46:10 | El Bicho! · tribute_sent a jugador 7 |
| 46:14 | [韓粉戰隊] 台北庶民 · first_building Monastery |
| 47:28 | El Bicho! · first_building Barracks |
| 48:19 | lizanan · resign |
[ AI ANALYSIS · 1 CREDIT ]
What really happened in this match?
Wolo.gg analyzes every decision: build order, eco, micro, common mistakes by bracket. Personalized analysis on WhatsApp or Discord in 30 seconds.
Civ guide
Britons
Perfil
Jugador #578003